 Dungeon Crawl Stone Soup version 0.32-a0-825-g0e82a1035d (webtiles) character file.

Game seed: 3878155801663877086

7702 GeoRichter the Fighter (level 11, -1/97 HPs)
             Began as a Yellow Draconian Shapeshifter on Mar 25, 2024.
             Was a Believer of Uskayaw.
             Slain by a death yak simulacrum (19 damage)
             ... on level 1 of the Orcish Mines.
             The game lasted 00:18:07 (8369 turns).

GeoRichter the Fighter (DrSh)                       Turns: 8369, Time: 00:18:08

Health: -1/97      AC: 13    Str: 16    XL:     11   Next: 0%
Magic:  17/17      EV: 21    Int: 11    God:    Uskayaw [**....]
Gold:   214        SH:  0    Dex: 15    Spells: 10/10 levels left

rFire   . .          .
                       - Unarmed
rCold   + . .        (shield currently unavailable)
rNeg    . . .        (body armour unavailable)
rPois   .            (helmet restricted)
rElec   .            (no cloak)
rCorr   +            z - +2 pair of gloves {hurl}
SInv    .            d - +2 pair of boots
Will    .....        g - amulet of regeneration
Stlth   +            e - +5 ring of evasion
HPRegen 1.16/turn    H - ring of protection from cold
MPRegen 0.15/turn

%: no passive effects
@: flux-form, glowing
A: glow, contaminating, caustic breath, AC +7, unfitting armour, cold-blooded,
acid resistance
a: Caustic Breath, Begin Untransformation, Renounce Religion, Stomp, Line Pass


You were on level 1 of the Orcish Mines.
You worshipped Uskayaw.
Uskayaw was aware of your devotion.
You were something dangerously unstable.
You visited 2 branches of the dungeon, and saw 10 of its levels.
You visited the Abyss 2 times.

You collected 386 gold pieces.
You spent 172 gold pieces at shops.

Inventory:

Missiles
 m - 6 javelins (quivered)
 x - a curare-tipped dart {!f}
 O - a throwing net {!f}
Armour
 d - a +2 pair of boots (worn)
   (You found it on level 1 of the Dungeon)
 z - a +2 pair of gloves of hurling (worn)
   (You bought it in a shop on level 4 of the Dungeon)
Jewellery
 b - a ring of poison resistance
   (You took it off Erica on level 8 of the Dungeon)
 e - a +5 ring of evasion (left hand)
   (You found it on level 1 of the Dungeon)
 g - an amulet of regeneration (around neck)
   (You found it on level 4 of the Dungeon)
 H - a ring of protection from cold (right hand)
   (You found it on level 7 of the Dungeon)
 J - a ring of positive energy
   (You found it on level 8 of the Dungeon)
 K - a ring of protection from fire
   (You found it on level 9 of the Dungeon)
Talismans
 c - a flux talisman (active)
 y - a blade talisman
   (You found it on level 4 of the Dungeon)
Wands
 a - a wand of digging (3)
   (You found it on level 6 of the Dungeon)
 s - a wand of light (3)
   (You found it on level 7 of the Dungeon)
 v - a wand of charming (23)
   (You found it on level 3 of the Dungeon)
 A - a wand of flame (24)
   (You took it off Ijyb on level 5 of the Dungeon)
 N - a wand of roots (6)
   (You found it on level 9 of the Dungeon)
Scrolls
 f - a scroll of fog
 h - 3 scrolls of immolation {!r}
 j - a scroll of fear
 n - 2 scrolls of noise {!r}
 r - 2 scrolls of poison {!r}
 t - a scroll of vulnerability {!r}
 B - 2 scrolls of amnesia
 I - a scroll of enchant armour
Potions
 i - 5 potions of curing {@q1}
 k - a potion of cancellation {unknown}
 l - a potion of heal wounds {@q2}
 p - a potion of mutation {unknown}
 q - 2 potions of invisibility {unknown}
 u - a potion of might
 w - a potion of magic {unknown}
 E - a potion of attraction {unknown}
 F - a potion of ambrosia {unknown}
 G - 2 potions of degeneration {unknown}
 M - a potion of enlightenment {unknown}


   Skills:
 + Level 9.5 Fighting
 + Level 3.3 Dodging
 * Level 9.1 Unarmed Combat
 - Level 8.1 Invocations
 - Level 4.0 Evocations
 + Level 7.7 Shapeshifting


You had 10 spell levels left.
You didn't know any spells.
Your spell library contained the following spells:

 Spells                   Type           Power      Damage    Failure   Level
 Apportation              Tloc           0%         N/A       34%         1
 Sting                    Conj/Alch      0%         1d3       34%         1
 Ensorcelled Hibernation  Hex/Ice        0%         N/A       47%         2
 Jinxbite                 Hex            0%         N/A       47%         2
 Mercury Vapours          Alch/Air       0%         N/A       47%         2
 Call Canine Familiar     Summ           0%         N/A       71%         3
 Passwall                 Erth           0%         N/A       71%         3
 Sigil of Binding         Hex            0%         N/A       71%         3
 Swiftness                Air            0%         N/A       71%         3
 Volatile Blastmotes      Fire/Tloc      0%         2d10      71%         3
 Dimensional Bullseye     Hex/Tloc       0%         N/A       98%         4
 Leda's Liquefaction      Alch/Erth      0%         N/A       98%         4
 Olgreb's Toxic Radiance  Alch           0%         N/A       98%         4
 Petrify                  Alch/Erth      0%         N/A       98%         4
 Alistair's Intoxication  Alch           0%         N/A       100%        5
 Metabolic Englaciation   Hex/Ice        0%         N/A       100%        5
 Bombard                  Conj/Erth      0%         9d1       100%        6


Dungeon Overview and Level Annotations

Branches:
Dungeon (9/15) Zot: 26404  Temple (0/1) D:5             Orc (1/2) D:9 Zot: 5821
   Lair: D:8-11

Altars:
Ashenzari
Elyvilon
Fedhas
Uskayaw
Beogh

Shops:
D:1 [   D:4 [(

Portals:
Ice
Cave: Orc:1

Annotations:
D:2 1 runed translucent door, Crazy Yiuf
D:4 Duvessa


Innate Abilities, Weirdness & Mutations

You are something dangerously unstable.
You glow with magical radiation, making you easy to see and hit.
Foes you strike become dangerously contaminated with magical radiation.
You are incapable of wielding weapons or throwing items.
You can breathe corrosive fumes.
Your golden yellow scales are hard. (AC +7)
You cannot fit into any form of body armour.
You are cold-blooded and may be slowed by cold attacks.
You are resistant to acid. (rCorr)


Message History

You can no longer pass through a line of other dancers.
You hit the troll simulacrum.
The troll simulacrum begins to glow.
You tail-slap the troll simulacrum.
The troll simulacrum is heavily damaged.
You hit the troll simulacrum but do no damage.
The troll simulacrum glows dangerously bright.
You tail-slap the troll simulacrum.
The troll simulacrum is heavily damaged.
The troll simulacrum bites you. The troll simulacrum freezes you! You resist.
The troll simulacrum closely misses you.
The troll simulacrum claws you. The troll simulacrum freezes you. You resist.
You hit the troll simulacrum.
The troll simulacrum shudders as magic cascades through it.
The troll simulacrum is almost destroyed.
The troll simulacrum barely misses you. The troll simulacrum claws you.
The troll simulacrum freezes you! You resist. The troll simulacrum claws you!
The troll simulacrum freezes you. You resist.
You can now pass through a line of other dancers.
You barely miss the troll simulacrum.
The troll simulacrum is almost destroyed.
The troll simulacrum closely misses you.
The troll simulacrum barely misses you.
The troll simulacrum claws you but does no damage.
You hit the troll simulacrum.
The troll simulacrum vaporises!
A death yak simulacrum is nearby!
You are too injured to fight recklessly!
You are too injured to fight recklessly!
You are too injured to fight recklessly!
You hit the death yak simulacrum but do no damage.
The death yak simulacrum begins to glow.
You tail-slap the death yak simulacrum, but do no damage.
The death yak simulacrum barely misses you.
You hit the death yak simulacrum but do no damage.
The death yak simulacrum glows dangerously bright.
You tail-slap the death yak simulacrum, but do no damage.
You hit the death yak simulacrum.
The death yak simulacrum shudders as magic cascades through it!!
The death yak simulacrum is heavily damaged.
The death yak simulacrum gores you! The death yak simulacrum freezes you!!
You resist.
* * * LOW HITPOINT WARNING * * *
You completely miss the death yak simulacrum.
You tail-slap the death yak simulacrum, but do no damage.
The death yak simulacrum is heavily damaged.
The death yak simulacrum gores you!
* * * LOW HITPOINT WARNING * * *
The death yak simulacrum freezes you!! You resist.
You die...
Your body falls in perfect tune with the rhythm.

*,,,,*,,,,** *,,,,,,.,,*,
**,,,,..,,,, *,,,...,,,,
**,....,,,, ###*,.....,,,,
##.##......,,,,
###################....$.∩...,,,,
.............=..pZ.#..Z......,,,,
###################..........,,,,
##.##......**,, ***
**...##.....***,
**,***.#...##...#,*** *****
*,,,*,......##...,,* **,*,**
**,,,,#,..........,**
*,,,,,***,,,,,***,*#...,,***
**,*,***,,,,,***,,,*,,,*****


You could see a death yak simulacrum.

Vanquished Creatures
  Erica (D:8)
  A thrashing horror (Abyss:1)
  A shadow demon (Abyss:1)
  A necromancer (Abyss:1)
  A kobold blastminer (Orc:1)
  Joseph (D:7)
  Jeremiah (D:6)
  Maggie (D:6)
  Grinder (D:4)
  Prince Ribbit (D:7)
  A warg (Orc:1)
  A steam dragon (D:9)
  2 death yak simulacra (Orc:1)
  Menkaure (D:7)
  A water moccasin (D:5)
  3 orc warriors
  A black bear (D:7)
  An ogre (D:6)
  3 laughing skulls
  An ice beast (D:7)
  2 phantoms (D:5)
  4 bullfrogs
  3 kobold brigands
  2 gnoll sergeants
  3 scorpions
  2 elephant simulacra (Orc:1)
  7 howler monkeys
  2 jellies
  7 orc priests
  A bombardier beetle (D:3)
  5 hounds
  Jessica (D:3)
  Ijyb (D:5)
  2 sleepcaps (D:7)
  A spriggan simulacrum (Orc:1)
  7 orc wizards
  2 troll simulacra (Orc:1)
  15 gnolls
  9 adders
  2 white imps
  2 ufetubi (D:6)
  3 dart slugs
  4 ribbon worms
  31 orcs
  8 bats
  4 endoplasms
  A giant cockroach (D:2)
  6 goblins
  5 hobgoblins
  18 jackals
  28 kobolds
  6 quokkas
  2 ball pythons (D:1)
  A frilled lizard (D:1)
  3 rats
225 creatures vanquished.

Vanquished Creatures (collateral kills)
  Dowan (D:4)
1 creature vanquished.

Vanquished Creatures (others)
  3 starspawn tentacles (Abyss:1)
3 creatures vanquished.

Grand Total: 229 creatures vanquished

Notes
Turn   | Place    | Note
-------+----------+-------------------------------------------
     0 | D:1      | GeoRichter the Draconian Shapeshifter began the quest for
                  | the Orb.
     0 | D:1      | Reached XP level 1. HP: 16/16 MP: 1/1
    71 | D:1      | Found Qitho's Antique Armour Shop.
   111 | D:1      | Reached XP level 2. HP: 23/23 MP: 2/2
   340 | D:1      | Found a faded altar of an unknown god.
   353 | D:1      | Prayed at the altar of an unknown god.
   353 | D:1      | Became a worshipper of Uskayaw the Reveller
   353 | D:1      | Reached * piety under Uskayaw
   603 | D:1      | You fall into a shaft and drop 1 floor!
   852 | D:2      | Reached XP level 3. HP: 29/29 MP: 3/3
   858 | D:2      | Reached ** piety under Uskayaw
  1303 | D:2      | Found a runed translucent door.
  1304 | D:2      | Noticed Crazy Yiuf
  1476 | D:3      | Reached XP level 4. HP: 31/37 MP: 4/4
  1529 | D:3      | Noticed Jessica
  1537 | D:3      | Killed Jessica
  1873 | D:3      | Reached skill level 1 in Invocations
  1938 | D:3      | Reached XP level 5. HP: 45/45 MP: 4/6
  1980 | D:3      | Reached skill level 5 in Unarmed Combat
  2486 | D:3      | Found a blossoming altar of Fedhas.
  2609 | D:4      | Noticed Grinder
  2623 | D:4      | Killed Grinder
  2624 | D:4      | Reached XP level 6. HP: 52/52 MP: 6/8
  2674 | D:4      | Noticed Duvessa
  2674 | D:4      | Noticed Dowan
  2684 | D:4      | Killed Dowan
  2911 | D:4      | Found Askenel's Antique Weapon Shop.
  3124 | D:4      | Your scales start taking on a golden yellow colour.
  3124 | D:4      | Reached XP level 7. HP: 55/59 MP: 9/9
  3124 | D:4      | Gained mutation: You are resistant to acid. (rCorr) [Yellow
                  | Draconian growth]
  3237 | D:4      | Found Linwum's Antique Armour Boutique.
  3248 | D:4      | Bought a pair of runed gloves for 172 gold pieces
  3427 | D:5      | Entered Level 5 of the Dungeon
  3643 | D:5      | Noticed Ijyb
  3659 | D:5      | Killed Ijyb
  3669 | D:5      | Reached *** piety under Uskayaw
  3814 | D:5      | Found a staircase to the Ecumenical Temple.
  4058 | D:5      | Reached skill level 5 in Fighting
  4167 | D:5      | Reached XP level 8. HP: 60/68 MP: 11/11
  4805 | D:6      | Found a white marble altar of Elyvilon.
  4810 | D:6      | Found a broken altar of Ashenzari.
  4831 | D:6      | Reached **** piety under Uskayaw
  4839 | D:6      | Noticed Jeremiah
  4841 | D:6      | Reached ***** piety under Uskayaw
  4938 | D:6      | Killed Jeremiah
  5014 | D:6      | Reached skill level 5 in Invocations
  5315 | D:6      | Noticed Maggie
  5328 | Abyss:1  | Cast into level 1 of the Abyss (Maggie)
  5333 | Abyss:1  | Noticed a shadow demon
  5351 | Abyss:1  | Killed a shadow demon
  5352 | Abyss:1  | Reached XP level 9. HP: 78/78 MP: 13/13
  5359 | D:6      | Escaped the Abyss
  5380 | Abyss:1  | Cast into level 1 of the Abyss (Maggie)
  5397 | Abyss:1  | Noticed a tentacled starspawn
  5487 | Abyss:1  | Noticed a wretched star
  5493 | Abyss:1  | Noticed a thrashing horror
  5511 | Abyss:1  | Killed a thrashing horror
  5512 | Abyss:1  | Reached skill level 5 in Shapeshifting
  5566 | Abyss:1  | Noticed a necromancer
  5578 | Abyss:1  | Killed a necromancer
  5581 | D:6      | Escaped the Abyss
  5588 | D:6      | Killed Maggie
  5916 | D:7      | Noticed Prince Ribbit
  5918 | D:7      | Reached XP level 10. HP: 88/88 MP: 11/14
  5950 | D:7      | Killed Prince Ribbit
  6248 | D:7      | Noticed Menkaure
  6251 | D:7      | Killed Menkaure
  6273 | D:7      | Noticed Joseph
  6282 | D:7      | Killed Joseph
  6848 | D:8      | Noticed Erica
  6859 | D:8      | Killed Erica
  7656 | D:9      | Identified the +11 rapier of the Wilderness {holy, Str-5
                  | Dex+8}
  7664 | D:9      | Found a staircase to the Orcish Mines.
  7897 | D:9      | Found a roughly hewn altar of Beogh.
  8185 | Orc:1    | Entered Level 1 of the Orcish Mines
  8192 | Orc:1    | Noticed a kobold blastminer
  8214 | Orc:1    | Killed a kobold blastminer
  8263 | Orc:1    | Found a frozen archway.
  8353 | Orc:1    | Reached XP level 11. HP: 97/97 MP: 17/17
  8369 | Orc:1    | Slain by a death yak simulacrum

Illustrated notes

Levels and vault maps discovered:
D:1:      nicolae_arrival_washed_ashore, layout_loops_ring,
          shapermc_ecumenical_altar_totnotflames, serial_shops, shop
D:2:      layout_rooms, uniq_crazy_yiuf_cottage
D:3:      layout_basic, mainiacjoe_overflow_surrounded_room, uniq_jessica
D:4:      layout_gridville, serial_shops, nicolae_shop_hallway_plus,
          kennysheep_mini_moat, uniq_duvessa, uniq_grinder
D:5:      layout_loops_corners, minmay_temple_entry_hall, lemuel_flamethrower_2,
          uniq_ijyb
D:6:      layout_loops_ring, grunt_temple_overflow_open, uniq_maggie,
          uniq_jeremiah
D:7:      layout_loops_ring, minmay_fountain_box, uniq_prince_ribbit1,
          uniq_menkaure, uniq_joseph
D:8:      layout_basic, uniq_erica
D:9:      layout_rooms, minmay_orc_entry_temple_small
Orc:1:    nicolae_orc_accident_2, layout_caves,
          portal_ice_cave_entry_ice_simulacra

Skill      XL: |  1  2  3  4  5  6  7  8  9 10 |
---------------+-------------------------------+-----
Fighting       | 2 3 4 5 6 8 9 |  9.5
Unarmed Combat | 4 5 6 7 9 |  9.1
Invocations    | 1 2 3 4 5 7 8 |  8.1
Shapeshifting  | 4 6 7 |  7.7
Dodging        | 3 |  3.3
Evocations     | 4 |  4.0

Action                     |  1- 3 |  4- 6 |  7- 9 | 10-12 || total
---------------------------+-------+-------+-------+-------++-------
  Melee: Unarmed           |   131 |   105 |   231 |   236 ||   703
         Tailslap          |    15 |    14 |    31 |    34 ||    94
         Punch             |     3 |     2 |    14 |     4 ||    23
  Throw: Javelin           |       |     1 |    17 |     4 ||    22
         Dart              |       |       |     2 |       ||     2
 Invoke: Line Pass         |       |       |     2 |     1 ||     3
         Stomp             |       |       |     2 |     6 ||     8
Ability: Caustic Breath    |       |       |     5 |     4 ||     9
  Evoke: Wand              |       |     1 |     8 |     4 ||    13
    Use: Scroll            |     1 |     5 |     6 |     3 ||    15
         Potion            |       |     1 |     2 |     1 ||     4
   Stab: Sleeping          |       |     1 |       |       ||     1
         Paralysed         |       |       |     6 |    16 ||    22
         Invisible         |       |       |       |     3 ||     3
 Armour: Skin              |    53 |    27 |    81 |   110 ||   271
  Dodge: Dodged            |   112 |    77 |   157 |   221 ||   567
   Form: Flux              |       |       |       |     1 ||     1

Table legend: (Time is in decaauts)
 A = Elapsed time spent in this place.
 B = Non-inter-level travel time spent in this place.
 C = Inter-level travel time spent in this place.
 D = Time resting spent in this place.
 E = Time spent auto-exploring this place.
 F = Levels seen in this place.
 G = Mean time per level.
                   A        B        C        D        E       F      G
               +--------+--------+--------+--------+--------+-----+--------+
         Total |   8320 |   7900 |    420 |    272 |   5722 |  12 |  693.3 |
       Dungeon |   7916 |   7496 |    420 |    195 |   5717 |   9 |  879.6 |
  Orcish Mines |    177 |    177 |      0 |     53 |      0 |   1 |  177.0 |
         Abyss |    226 |    226 |      0 |     24 |      5 |   2 |  113.0 |
               +--------+--------+--------+--------+--------+-----+--------+

Top non-repeatable levels by time:
     D:5: 1185 daAuts
     D:3: 1170 daAuts
     D:6: 900 daAuts
     D:8: 893 daAuts
     D:4: 892 daAuts
     D:7: 825 daAuts
     D:1: 773 daAuts
     D:2: 681 daAuts
     D:9: 595 daAuts
 Abyss:1: 226 daAuts
   Orc:1: 177 daAuts
